 Dungeon Crawl Stone Soup version 0.25-a0-635-g0c6c292ef3 (webtiles) character file.

Game seed: 15745701844040955879, levelgen mode: deterministic

1587003 hittemvvvvvhard the Slayer (level 27, 242/242 HPs)
             Began as a Human Berserker on Mar 20, 2020.
             Was an Elder of Trog.
             Escaped with the Orb
             ... and 3 runes on Mar 21, 2020!
             The game lasted 04:11:41 (84037 turns).

hittemvvvvvhard the Slayer (Human Berserker)       Turns: 84037, Time: 04:11:41

Health: 242/242    AC: 60    Str: 27    XL:     27
Magic:  11/11      EV: 13    Int:  5    God:    Trog [****..]
Gold:   3802       SH: 21    Dex: 12    Spells: 26/26 levels left

rFire    + + .     SeeInvis +   b - +9 broad axe (antimagic)
rCold    + . .     Gourm    .   A - +6 kite shield "Taplient" {rF+}
rNeg     + . .     Faith    +   o - +9 crystal plate armour
rPois    +         Spirit   .   Y - +2 helmet
rElec    +         Reflect  .   u - +2 cloak {rPois} {rPois}
rCorr    .         Harm     .   h - +2 pair of gloves
MR       ++...     Rnd*Rage +   y - +2 pair of boots
Stlth    ..........             U - amulet of faith {Faith, !P}
HPRegen  0.90/turn              P - ring of Jevoliho {rF+ rC+ rN+ Str+2}
MPRegen  0.12/turn              S - ring of Gazyirch {rElec AC+4 Str-5 SInv}

@: no status effects
A: berserk 1, clumsy 1, deterioration 1, dopey 1, low mp 1, poison resistance,
regeneration 1, shaggy fur 1
0: Orb of Zot
}: 3/15 runes: barnacled, silver, gossamer
a: Berserk, Trog's Hand, Brothers in Arms, Renounce Religion


You escaped.
You worshipped Trog.
Trog was greatly pleased with you.
You were not hungry.

You visited 10 branches of the dungeon, and saw 52 of its levels.
You visited 1 bazaar.
You also visited: Sewer, Ossuary, Bailey, Gauntlet, Wizlab and Desolation.

You collected 11083 gold pieces.
You spent 7281 gold pieces at shops.

Inventory:

Hand Weapons
 a - a +9 broad axe of electrocution
 b - a +9 antimagic broad axe (weapon)
Missiles
 c - 17 throwing nets {=f}
Armour
 h - a +2 pair of gloves (worn)
 o - a +9 crystal plate armour (worn)
 u - a +2 cloak of poison resistance (worn) {rPois}
 y - a +2 pair of boots (worn)
 A - the +6 kite shield "Taplient" (worn) {rF+}
   (You acquired it in a Gauntlet)

   It protects you from fire.
 Y - a +2 helmet (worn)
Jewellery
 I - the ring of Divine Intervention {*Corrode +Blink rC+ Str+5}
   (You found it on level 4 of the Vaults)

   [ring of protection from cold]

   It affects your strength (+5).
   It protects you from cold.
   It lets you blink.
   It may corrode you when you take damage.
 M - the ring of Darkness {MR+ rCorr Dex+4 Slay+3}
   (You took it off a deep elf archer on level 3 of the Elven Halls)

   [ring of resist corrosion]

   It affects your dexterity (+4).
   It affects your accuracy and damage with ranged weapons and melee attacks
   (+3).
   It affects your resistance to hostile enchantments.
   It provides partial protection from all sources of acid and corrosion.
 P - the ring of Jevoliho (left hand) {rF+ rC+ rN+ Str+2}
   (You found it in a Gauntlet)

   [ring of protection from fire]

   It affects your strength (+2).
   It protects you from fire.
   It protects you from cold.
   It protects you from negative energy.
 S - the ring of Gazyirch (right hand) {rElec AC+4 Str-5 SInv}
   (You found it in the Desolation of Salt)

   [ring of protection]

   It affects your AC (+4).
   It affects your strength (-5).
   It insulates you from electricity.
   It lets you see invisible.
 U - an amulet of faith (around neck) {Faith, !P}
Wands
 d - a wand of disintegration (7)
 f - a wand of scattershot (11)
 m - a wand of clouds (4)
 w - a wand of flame (87)
 D - a wand of digging (6)
 E - a wand of iceblast (35)
 K - a wand of enslavement (7)
 R - a wand of acid (3)
 X - a wand of paralysis (37)
Scrolls
 g - 27 scrolls of remove curse
 i - 21 scrolls of identify
 r - 5 scrolls of magic mapping {!r}
 t - 18 scrolls of teleportation
 x - 4 scrolls of vulnerability {!r!r}
 B - 6 scrolls of holy word {!r}
 C - 3 scrolls of blinking {!r}
 O - 8 scrolls of fear
 T - 4 scrolls of summoning
 V - 2 scrolls of silence
Potions
 k - 5 potions of cancellation
 l - 2 potions of haste
 q - a potion of invisibility
 s - 3 potions of might
 v - 9 potions of flight
 z - 4 potions of resistance
 F - a potion of magic
 G - 7 potions of heal wounds
 H - 8 potions of mutation {!q}
 J - 8 potions of ambrosia
 W - 21 potions of curing
Miscellaneous
 j - a lamp of fire
 n - a sack of spiders
 p - a fan of gales
 L - a lightning rod (4/4)
 Q - a tin of tremorstones
 Z - a box of beasts
Comestibles
 e - 35 rations


   Skills:
 - Level 25.1 Fighting
 - Level 16.9(18.0) Axes
   Level 11.3(15.3) Maces & Flails
 - Level 25.0 Armour
 - Level 12.0 Dodging
 - Level 17.1 Shields
 + Level 22.4 Evocations


You had 26 spell levels left.
You didn't know any spells.
Your spell library contained the following spells:

 Spells                   Type           Power        Failure   Level  Hunger
 Foxfire                  Conj/Fire      #...         99%         1    ##.....
 Ensorcelled Hibernation  Hex/Ice        #.....       99%         2    ###....
 Poisonous Vapours        Pois/Air       #.....       99%         2    ###....
 Frozen Ramparts          Ice            #.....       100%        3    ####...
 Gell's Gravitas          Tloc           #.........   100%        3    ####...
 Ignite Poison            Fire/Tmut/Pois #.......     100%        3    ####...
 Inner Flame              Hex/Fire       #.......     100%        3    ####...
 Lesser Beckoning         Tloc           #.........   100%        3    ####...
 Mephitic Cloud           Conj/Pois/Air  #.......     100%        3    ####...
 Ozocubu's Armour         Chrm/Ice       #.......     100%        3    ####...
 Stone Arrow              Conj/Erth      #.....       100%        3    ####...
 Cause Fear               Hex            #.........   100%        4    #####..
 Hailstorm                Conj/Ice       #.......     100%        4    #####..
 Ice Form                 Ice/Tmut       #.......     100%        4    #####..
 Olgreb's Toxic Radiance  Pois           #.......     100%        4    #####..
 Petrify                  Tmut/Erth      #.......     100%        4    #####..
 Sticky Flame             Conj/Fire      #.......     100%        4    #####..
 Alistair's Intoxication  Tmut/Pois      #.......     100%        5    ######.
 Bolt of Magma            Conj/Fire/Erth #.........   100%        5    ######.
 Fireball                 Conj/Fire      #.........   100%        5    ######.
 Irradiate                Conj/Tmut      #.........   100%        5    ######.
 Lightning Bolt           Conj/Air       #.........   100%        5    ######.
 Metabolic Englaciation   Hex/Ice        #.........   100%        5    ######.
 Silence                  Hex/Air        #.........   100%        5    ######.
 Summon Forest            Summ/Tloc      #.........   100%        5    ######.
 Eringya's Noxious Bog    Tmut/Pois      #.........   100%        6    #######
 Freezing Cloud           Conj/Ice/Air   #.........   100%        6    #######
 Simulacrum               Ice/Necr       #.........   100%        6    #######
 Ignition                 Fire           #.........   100%        8    #######


Dungeon Overview and Level Annotations

Branches:
Dungeon (15/15)            Temple (0/1) D:5            Lair (6/6) D:9
 Shoals (4/4) Lair:2       Spider (4/4) Lair:2        Slime (0/5) Lair:5
    Orc (2/2) D:11            Elf (3/3) Orc:2        Vaults (5/5) D:13
  Crypt (3/3) Vaults:2       Tomb (0/3) Crypt:3      Depths (5/5) D:15
    Zot (5/5) Depths:5      Sewer (visited)         Ossuary (visited)
 Bailey (visited)          WizLab (visited)         Desolation (visited)
Gauntlet (visited)

Altars:
Elyvilon
Fedhas
Gozag
Hepliaklqana
Kikubaaqudgha
Makhleb
Okawaru
Ru
Trog
Vehumet
Wu Jian
Zin
The Shining One
Jiyva

Shops:
D:9 (   Orc:1 [   Orc:2 *[=(   Vaults:3 ([[!?   Depths:1 [   Depths:2 [*(
Depths:5 [

Portals:
Hell: Depths:1 Depths:2 Depths:3 Depths:4 Depths:5
Abyss: Depths:1 Depths:4
Pandemonium: Depths:3
Ziggurat: Depths:3
Trove: D:13 (show abyssal rune of Zot)

Annotations:
D:7 exclusion: downstairs
D:10 exclusion: orange crystal statue
D:11 Boris
D:14 exclusion: 2 downstairs
Lair:2 exclusion: 2 oklob plants
Lair:4 2 transporters, bmj180's ghost, journeyman DrCj
Lair:5 3 runed translucent doors, exclusion: oklob plant, Seod's ghost, journeyman FoAK
Lair:6 3 runed translucent doors, Gruesome's ghost, journeyman GrFi
Spider:2 3 exclusions
Depths:3 exclusions: downstairs and 4 more exclusions
Zot:2 exclusions: 3 doors and 8 more exclusions
Zot:3 1 exclusion
Zot:4 2 exclusions
Zot:5 2 exclusions


Innate Abilities, Weirdness & Mutations

You tend to lose your temper in combat.
You are clumsy. (Dex -2)
Your body sometimes deteriorates upon taking damage.
You are dopey. (Int -2)
Your magical capacity is low. (-10% MP)
Your system is resistant to poisons. (rPois)
Your natural rate of healing is unusually fast.
You are covered in fur. (AC +1)


Message History

You climb upwards.
There is a stone staircase leading down here.
There is an open door here.
The dart slug is too close now for your liking.
Unknown command.
You open the dart slug like a pillowcase!!!
You kill the dart slug!
No target in view!
(D) Dungeon (T) Temple (L) Lair (A) Shoals (N) Spider Nest (M) Slime Pits (O) Orcish Mines (E) Elven Halls (V) Vaults (C) Crypt (W) Tomb (U) Depths (H) Hell (Z) Zot
Where to? (Enter - D:1 @ (x,y), ? - help)
You butcher the dart slug corpse.
You see here a chunk of flesh. x2
Eating a chunk of flesh.
You eat the chunk of flesh.
There is an open door here.
There is a staircase leading out of the dungeon here.
Okay, then.
You have escaped!

#.....###..#.....#.####......#.
#.....#...######.#....#......#.
#....##.###......#.##.##.......
###...'##...#.######.##..#'....##
......#.###.#........###..#......
###..##...#.####.###########...##
#..####.#.####+##...######...#
##..####.....'...'.#.....##...#
#...'..#######.@.#####.#..'...#
#...##.....#.'...'...#.####...#
#...######...##'####.#.####..##
#...###########.####.#...##..#
#....#..###........#.###.#...#
#....'#..##.######.#...##'...#
##.....##.##.#......###.##....#
........#....#.######...#.....#
###.....######.....#..###.....#

Skill      XL: |  1  2  3  4  5  6  7  8  9 10 11 12 13 14 15 16 17 18 19 20 21 22 23 24 25 26 27 |
---------------+----------------------------------------------------------------------------------+-----
Shields        | 1 2 3 4 5 6 8 9 10 11 12 13 14 15 17 | 17.1
Axes           | 4 5 7 9 11 13 16 | 16.9
Maces & Flails | 1 6 8 9 10 11 | 11.3
Evocations     | 2 4 5 7 9 10 11 12 13 15 22 | 22.4
Armour         | 3 4 6 7 9 10 11 12 13 14 15 16 17 18 19 20 25 | 25.0
Dodging        | 3 4 5 7 9 10 11 12 | 12.0
Fighting       | 4 6 7 9 10 11 12 13 14 15 16 17 18 19 23 25 | 25.1

Notes
Turn   | Place    | Note
-------+----------+-------------------------------------------
     0 | D:1      | hittemvvvvvhard the Human Berserker began the quest for the
                  | Orb.
     0 | D:1      | Reached XP level 1. HP: 18/18 MP: 1/1
   429 | D:1      | Reached XP level 2. HP: 22/24 MP: 2/2
   455 | D:1      | Reached skill level 1 in Shields
  1148 | D:1      | Reached XP level 3. HP: 29/29 MP: 3/3
  1435 | D:2      | Reached ** piety under Trog
  1644 | D:2      | Reached skill level 2 in Shields
  1790 | D:2      | Reached XP level 4. HP: 31/35 MP: 4/4
  2258 | D:2      | Reached skill level 4 in Axes
  2854 | D:3      | Found a glowing drain.
  2865 | Sewer    | Entered a sewer
  2914 | Sewer    | Reached *** piety under Trog
  2914 | Sewer    | Reached XP level 5. HP: 41/41 MP: 5/5
  3008 | Sewer    | Noticed Purgy
  3017 | Sewer    | Killed Purgy
  3017 | Sewer    | Reached skill level 5 in Axes
  3017 | Sewer    | Reached skill level 3 in Shields
  3017 | Sewer    | Reached XP level 6. HP: 47/47 MP: 6/6
  3508 | D:3      | Found a burning altar of Makhleb.
  3511 | D:3      | Found a glowing silver altar of Zin.
  3511 | D:3      | Noticed an angel
  3512 | D:3      | Noticed a blizzard demon
  3800 | D:3      | hittemvvvvvhard: ??flail
  3800 | D:3      | beem: flail[1/1]: (maces & flails; +0 acc / 10 dam / 1.4
                  | base delay / 0.7 min delay). A mace with a short chain
                  | connecting the head to the haft.
  3800 | D:3      | hittemvvvvvhard: ??hand axe
  3800 | D:3      | beem: hand axe[1/1]: (axes; +3 acc / 7 dam / 1.3 base delay
                  | / 0.6 min delay). A small axe.
  3863 | D:4      | Noticed an ogre
  3882 | D:4      | Killed an ogre
  3882 | D:4      | Reached skill level 1 in Maces & Flails
  3929 | D:4      | Reached XP level 7. HP: 52/52 MP: 7/7
  3973 | D:4      | Noticed Menkaure
  4137 | D:5      | Entered Level 5 of the Dungeon
  4170 | D:5      | Reached skill level 2 in Maces & Flails
  4203 | D:4      | HP: 19/78 [poisoned by an orc wizard]
  4208 | D:4      | HP: 15/78 [poisoned by an orc wizard]
  4214 | D:4      | HP: 13/78 [poisoned by an orc wizard]
  4221 | D:4      | HP: 12/78 [poisoned by an orc wizard]
  4225 | D:4      | Reached skill level 4 in Shields
  4226 | D:4      | HP: 22/117 [poisoned by an orc wizard]
  4233 | D:4      | HP: 13/52 [poisoned by an orc wizard]
  4521 | D:4      | Killed Menkaure
  4521 | D:4      | Reached skill level 3 in Maces & Flails
  4794 | D:4      | Reached skill level 4 in Maces & Flails
  5018 | D:4      | Noticed Pikel
  5121 | D:4      | Killed Pikel
  5121 | D:4      | Reached skill level 6 in Maces & Flails
  5121 | D:4      | Reached XP level 8. HP: 58/58 MP: 8/8
  5686 | D:4      | Noticed Ijyb
  5694 | D:4      | Killed Ijyb
  5694 | D:4      | Reached skill level 7 in Maces & Flails
  6417 | D:5      | Reached skill level 8 in Maces & Flails
  6417 | D:5      | Reached XP level 9. HP: 63/63 MP: 9/9
  6578 | D:5      | Noticed Prince Ribbit
  6595 | D:5      | Killed Prince Ribbit
  6935 | D:5      | Reached skill level 9 in Maces & Flails
  6998 | D:5      | Found a staircase to the Ecumenical Temple.
  8310 | D:6      | Noticed Duvessa
  8342 | D:6      | Noticed Dowan
  8349 | D:6      | Killed Duvessa
  8349 | D:6      | Reached skill level 1 in Evocations
  8355 | D:6      | Reached **** piety under Trog
  8361 | D:6      | Killed Dowan
  8567 | D:6      | Found a sacrificial altar of Ru.
  8567 | D:6      | Found an ornate altar of the Wu Jian Council.
  8568 | D:6      | Found an iron altar of Okawaru.
  8761 | D:6      | Reached skill level 3 in Armour
  8761 | D:6      | Reached skill level 3 in Dodging
  9033 | D:6      | Reached skill level 2 in Evocations
  9033 | D:6      | Reached XP level 10. HP: 71/71 MP: 11/11
  9248 | D:7      | Found a sand-covered staircase.
  9311 | Ossuary  | Entered an ossuary
  9498 | Ossuary  | Reached skill level 4 in Fighting
  9570 | Ossuary  | Reached skill level 10 in Maces & Flails
  9973 | D:7      | Reached skill level 3 in Evocations
 10082 | D:7      | Reached ***** piety under Trog
 10082 | D:7      | Received a gift from Trog
 10330 | D:7      | Reached skill level 5 in Shields
 11477 | D:8      | Found a hazy altar of Hepliaklqana.
 11477 | D:8      | Found a radiant altar of Vehumet.
 11477 | D:8      | Found a glowing golden altar of the Shining One.
 11652 | D:8      | Noticed a two-headed ogre
 11667 | D:8      | Killed a two-headed ogre
 11667 | D:8      | Reached skill level 4 in Armour
 11667 | D:8      | Reached skill level 4 in Dodging
 11667 | D:8      | Reached skill level 4 in Evocations
 12023 | D:8      | Found a blossoming altar of Fedhas.
 12024 | D:8      | Found a white marble altar of Elyvilon.
 12604 | D:9      | Found Peax's Weapon Emporium.
 12608 | D:9      | Reached XP level 11. HP: 78/78 MP: 14/14
 12818 | D:9      | Reached skill level 5 in Fighting
 12832 | D:9      | Reached skill level 5 in Evocations
 12983 | D:9      | Found a staircase to the Lair.
 13002 | D:9      | Reached skill level 11 in Maces & Flails
 13319 | D:9      | Noticed a two-headed ogre
 13326 | D:9      | Killed a two-headed ogre
 13326 | D:9      | Reached skill level 5 in Armour
 13326 | D:9      | Reached skill level 6 in Shields
 13396 | D:9      | Reached skill level 5 in Dodging
 13523 | D:9      | Found an opulent altar of Gozag.
 13775 | D:10     | Entered Level 10 of the Dungeon
 13904 | D:10     | Identified 2 scrolls of acquirement
 13905 | D:10     | Identified the +8 double sword "Cufemowi" {holy, *Slow MR+
                  | Dex+2} (You acquired it on level 10 of the Dungeon)
 13905 | D:10     | Identified the -5 cloak of Bedevilment {+Blink rElec rF-
                  | rN+} (You acquired it on level 10 of the Dungeon)
 14111 | D:10     | Received a gift from Trog
 14169 | D:10     | Reached skill level 6 in Axes
 14415 | D:10     | Noticed an orange crystal statue
 14798 | D:10     | Reached skill level 6 in Fighting
 14977 | D:11     | Found a flagged portal.
 14992 | Bailey   | Entered a bailey
 15171 | Bailey   | Received a gift from Trog
 15634 | D:11     | Reached skill level 7 in Axes
 15634 | D:11     | Reached skill level 6 in Armour
 15634 | D:11     | Reached XP level 12. HP: 84/89 MP: 15/15
 15731 | D:11     | Reached skill level 7 in Shields
 15805 | D:11     | Noticed Sonja
 15808 | D:11     | Killed Sonja
 15831 | D:11     | Noticed a two-headed ogre
 15835 | D:11     | Killed a two-headed ogre
 16002 | D:11     | HP: 27/133 [cyclops/large rock (22)]
 16305 | D:11     | Found a staircase to the Orcish Mines.
 16369 | D:11     | Reached skill level 8 in Axes
 16800 | Lair:1   | Entered Level 1 of the Lair of Beasts
 16801 | Lair:1   | Noticed Joseph
 16812 | Lair:1   | Killed Joseph
 16812 | Lair:1   | Reached skill level 7 in Fighting
 17541 | Lair:1   | Reached skill level 7 in Armour
 17928 | Lair:2   | Got a scorched flail
 17973 | Lair:2   | Found a hole to the Spider Nest.
 18113 | Lair:2   | Reached skill level 9 in Axes
 18113 | Lair:2   | Reached skill level 8 in Shields
 18560 | Lair:2   | You fall into a shaft and drop 1 floor!
 18569 | Lair:3   | Got a shimmering morningstar
 18570 | Lair:3   | Identified the cursed +1 morningstar "Ykkahahe" {vamp,
                  | Int+2 Dex+4} (You found it on level 3 of the Lair of
                  | Beasts)
 18575 | Lair:3   | Identified the +11 flail "Hydrabane" {venom, SInv} (You
                  | found it on level 2 of the Lair of Beasts)
 18782 | Lair:3   | Reached XP level 13. HP: 98/98 MP: 16/16
 18784 | Lair:3   | Received a gift from Trog
 19669 | Lair:3   | Reached skill level 8 in Fighting
 19778 | Lair:3   | Reached skill level 10 in Axes
 20060 | Lair:2   | Found a staircase to the Shoals.
 20623 | Lair:4   | Found a gate leading to a gauntlet.
 20631 | Gauntlet | Entered a Gauntlet
 20631 | Gauntlet | Found a transporter.
 20631 | Gauntlet | Found a transporter.
 20633 | Gauntlet | Found a transporter.
 20644 | Gauntlet | Noticed a death ooze
 20647 | Gauntlet | Found a transporter.
 20651 | Gauntlet | Found a transporter.
 20673 | Gauntlet | Found a transporter.
 20673 | Gauntlet | Found a transporter.
 20712 | Gauntlet | Found a transporter.
 20722 | Gauntlet | Found a transporter.
 20737 | Gauntlet | Found a transporter.
 20748 | Gauntlet | Found a transporter.
 20762 | Gauntlet | Found a transporter.
 20906 | Gauntlet | Reached skill level 8 in Armour
 20936 | Gauntlet | Got a brightly glowing silver ring
 20940 | Gauntlet | Got a steaming steel amulet
 20942 | Gauntlet | Identified the amulet of Doubts {RegenMP rN+ Str+2} (You
                  | found it in a Gauntlet)
 20944 | Gauntlet | Identified the ring of Jevoliho {rF+ rC+ rN+ Str+2} (You
                  | found it in a Gauntlet)
 21009 | Gauntlet | Got a twisted cloak
 21020 | Gauntlet | Identified the +2 cloak of the Commoners {rN+} (You found
                  | it in a Gauntlet)
 21036 | Gauntlet | Identified the +3 lajatang of Pride {vorpal, rC+ Dex+6}
                  | (You acquired it in a Gauntlet)
 21036 | Gauntlet | Identified the ring of Lyjorrur {*Slow rPois rC+ Stlth+}
                  | (You acquired it in a Gauntlet)
 21036 | Gauntlet | Identified the +6 kite shield "Taplient" {rF+} (You
                  | acquired it in a Gauntlet)
 21064 | Gauntlet | Identified the +5 ring mail "Plog" {rPois}
 21064 | Gauntlet | Noticed a minotaur
 21078 | Gauntlet | HP: 15/99 [minotaur/javelin (14)]
 21269 | Lair:4   | Noticed a catoblepas
 21378 | Lair:4   | Noticed an eight-headed hydra
 21386 | Lair:4   | Killed an eight-headed hydra
 21462 | Lair:4   | Found a transporter.
 21462 | Lair:4   | Noticed an eight-headed hydra
 21462 | Lair:4   | Noticed bmj180's ghost (journeyman DrCj)
 21463 | Lair:4   | Noticed a seven-headed hydra
 21533 | Lair:4   | Reached skill level 9 in Shields
 21753 | Lair:4   | Found a transporter.
 22012 | Lair:4   | Killed a catoblepas
 22336 | Lair:5   | Upgraded the game from 0.25-a0-632-g7713895373 to
                  | 0.25-a0-635-g0c6c292ef3
 22389 | Lair:5   | Found a viscous altar of Jiyva.
 22390 | Lair:5   | Found a staircase to the Slime Pits.
 22618 | Lair:5   | Found a runed translucent gate.
 22618 | Lair:5   | Found a runed translucent gate.
 22618 | Lair:5   | Found a runed translucent gate.
 22620 | Lair:5   | Noticed a 12-headed hydra
 22620 | Lair:5   | Noticed Seod's ghost (journeyman FoAK)
 22621 | Lair:5   | Noticed a 14-headed hydra
 22783 | Lair:5   | Reached skill level 11 in Axes
 23230 | Lair:6   | Entered Level 6 of the Lair of Beasts
 23415 | Lair:6   | Noticed a five-headed hydra
 23426 | Lair:6   | Killed a five-headed hydra
 23606 | Lair:6   | Reached skill level 9 in Fighting
 23609 | Lair:6   | Received a gift from Trog
 23664 | Lair:6   | Noticed Kirke
 23674 | Lair:6   | Killed Kirke
 23674 | Lair:6   | Reached skill level 9 in Armour
 23674 | Lair:6   | Reached XP level 14. HP: 104/108 MP: 17/17
 23996 | Lair:6   | Reached skill level 12 in Axes
 24207 | Lair:6   | Reached skill level 10 in Shields
 24412 | Lair:6   | Got a bloodstained ring mail
 24763 | Lair:6   | Received a gift from Trog
 24848 | Lair:5   | Identified the +1 ring mail "Enearchat" {rElec rF+ rN+
                  | Slay-4} (You found it on level 6 of the Lair of Beasts)
 24885 | Lair:6   | Found a runed translucent gate.
 24885 | Lair:6   | Noticed Gruesome's ghost (journeyman GrFi)
 24886 | Lair:6   | Found a runed translucent gate.
 24886 | Lair:6   | Found a runed translucent gate.
 25262 | Lair:6   | Reached skill level 10 in Fighting
 25814 | D:12     | Reached skill level 10 in Armour
 25880 | D:12     | Paralysed by a hornet for 1 turns
 25962 | D:12     | Reached skill level 13 in Axes
 25987 | D:12     | Noticed Azrael
 25992 | D:12     | Killed Azrael
 26269 | D:12     | Noticed Maurice
 26274 | D:12     | Killed Maurice
 26376 | D:12     | You fall into a shaft and drop 2 floors!
 26448 | D:13     | Reached XP level 15. HP: 110/115 MP: 18/18
 26646 | D:12     | Received a gift from Trog
 26827 | D:13     | Reached skill level 14 in Axes
 27219 | D:13     | Identified the +2 crystal plate armour of Nimefaf {rElec
                  | rN+++ rCorr Dex-3} (You acquired it on level 13 of the
                  | Dungeon)
 27219 | D:13     | Identified the ring of Exhibitionism {rC+ rN+ Int+3 SInv}
                  | (You acquired it on level 13 of the Dungeon)
 27329 | D:13     | Found a portal to a secret trove of treasure.
 27351 | D:13     | Found a gate to the Vaults.
 27517 | D:13     | Reached skill level 15 in Axes
 27741 | Orc:1    | Entered Level 1 of the Orcish Mines
 27802 | Orc:2    | Entered Level 2 of the Orcish Mines
 27835 | Orc:2    | Found Ushokk's Jewellery Boutique.
 27921 | Orc:2    | Received a gift from Trog
 27924 | Orc:2    | Noticed an orc warlord
 27934 | Orc:1    | Found Bouxzobbu's Antique Armour Boutique.
 28074 | Orc:1    | Found a bloodstained altar of Trog.
 28196 | Orc:1    | Gained mutation: You are dopey. (Int -2) [a neqoxec]
 28344 | Orc:2    | Killed an orc warlord
 28433 | Orc:2    | Found Pefobb Duca's Antique Armour Emporium.
 28502 | Orc:2    | Reached skill level 16 in Axes
 28668 | Orc:2    | Found the +7 Singing Sword {vorpal, sonic wave}
 28671 | Orc:2    | Noticed an orc warlord
 28925 | Orc:2    | Found a staircase to the Elven Halls.
 28929 | Orc:2    | Found Ykuigyudgh's Antique Weapon Shop.
 29083 | Orc:2    | Received a gift from Trog
 29230 | Orc:2    | Killed an orc warlord
 29409 | Orc:2    | Found Ceododel's General Store.
 29689 | Orc:2    | Bought a potion of invisibility for 128 gold pieces
 29689 | Orc:2    | Bought a potion of might for 64 gold pieces
 29689 | Orc:2    | Bought a +2 pair of boots for 264 gold pieces
 29745 | Orc:2    | Bought an uncursed ring of see invisible for 225 gold
                  | pieces
 29770 | Orc:1    | Bought a bronze chain mail for 361 gold pieces
 29780 | Orc:1    | Identified the cursed +0 chain mail of Mumblety Peg {-Tele
                  | rC+ rN+ Dex+3} (You bought it in a shop on level 1 of the
                  | Orcish Mines)
 29982 | D:14     | Reached XP level 16. HP: 104/122 MP: 19/19
 30548 | D:14     | Found a runed translucent door.
 30668 | D:15     | Entered Level 15 of the Dungeon
 30726 | D:15     | Received a gift from Trog
 31402 | D:15     | Reached skill level 6 in Evocations
 31785 | D:15     | Noticed Agnes
 31798 | D:15     | Killed Agnes
 31815 | D:15     | Received a gift from Trog
 32259 | D:15     | Found a staircase to the Depths.
 32620 | Spider:1 | Entered Level 1 of the Spider Nest
 32775 | Lair:2   | Reached skill level 7 in Evocations
 32779 | Lair:2   | Reached skill level 11 in Fighting
 32780 | Lair:2   | Reached skill level 11 in Shields
 32904 | Lair:2   | Reached skill level 11 in Armour
 33545 | Spider:1 | Reached XP level 17. HP: 131/131 MP: 22/22
 33959 | Spider:1 | Received a gift from Trog
 34088 | Spider:1 | Noticed an entropy weaver
 34098 | Spider:1 | Killed an entropy weaver
 34489 | Spider:2 | Noticed an entropy weaver
 34496 | Spider:1 | Killed an entropy weaver
 34534 | Spider:2 | Reached skill level 8 in Evocations
 34685 | Spider:2 | Received a gift from Trog
 34692 | Spider:2 | Noticed an entropy weaver
 34722 | Spider:2 | Killed an entropy weaver
 35261 | Spider:2 | Noticed Nikola
 35283 | Spider:2 | Killed Nikola
 36032 | Spider:3 | Reached skill level 12 in Fighting
 36045 | Spider:3 | Reached skill level 12 in Armour
 36045 | Spider:3 | Reached skill level 12 in Shields
 36048 | Spider:3 | Received a gift from Trog
 36217 | Spider:3 | Reached skill level 9 in Evocations
 36755 | Spider:4 | Entered Level 4 of the Spider Nest
 36812 | Spider:4 | Received a gift from Trog
 36820 | Spider:4 | Reached XP level 18. HP: 140/140 MP: 24/24
 36823 | Spider:4 | Got an ancient broad axe {god gift}
 36824 | Spider:4 | Identified the +3 broad axe of Grandeur {vorpal, *Contam
                  | rPois MR++} (Trog gifted it to you on level 4 of the Spider
                  | Nest)
 37688 | Spider:4 | Received a gift from Trog
 37918 | Spider:4 | Reached skill level 10 in Evocations
 38225 | Spider:4 | Got a gossamer rune of Zot
 38395 | Spider:4 | Reached skill level 13 in Fighting
 38708 | Vaults:1 | Entered Level 1 of the Vaults
 38801 | Vaults:1 | Reached skill level 13 in Armour
 38801 | Vaults:1 | Reached skill level 13 in Shields
 38930 | Vaults:1 | Noticed Asterion
 38935 | Vaults:1 | Killed Asterion
 38968 | Vaults:1 | Found a magical portal.
 39001 | WizLab   | Received a gift from Trog
 39006 | WizLab   | Noticed an electric golem
 39039 | WizLab   | Killed an electric golem
 39622 | WizLab   | Reached XP level 19. HP: 126/150 MP: 26/26
 39897 | WizLab   | Identified the ring "Qicoc" {rElec rPois rF+ rCorr Str-3
                  | Dex+2} (You acquired it in a wizard's laboratory)
 39897 | WizLab   | Identified the +5 kite shield of Tedeb {rF- MP+9 Int+4
                  | Dex+7} (You acquired it in a wizard's laboratory)
 40615 | Vaults:1 | Received a gift from Trog
 40907 | Vaults:1 | Reached skill level 14 in Fighting
 41010 | Vaults:1 | Reached skill level 14 in Armour
 41010 | Vaults:1 | Reached skill level 14 in Shields
 41603 | Elf:1    | Entered Level 1 of the Elven Halls
 41603 | Elf:1    | Found a ruined gateway.
 41615 | Elf:1    | Received a gift from Trog
 41714 | Desolati | Entered the Desolation of Salt
 42202 | Desolati | Received a gift from Trog
 42212 | Desolati | Got a bone quick blade {god gift}
 42441 | Desolati | Reached XP level 20. HP: 115/160 MP: 27/27
 42554 | Desolati | Got a smoking wooden ring
 42555 | Desolati | Identified the +1 quick blade "Gavuy" {flame, rF+ MR+ Int-3
                  | SInv} (Trog gifted it to you in the Desolation of Salt)
 42557 | Desolati | Identified the ring of Gazyirch {rElec AC+4 Str-5 SInv}
                  | (You found it in the Desolation of Salt)
 42561 | Desolati | Got a brightly glowing iron ring
 42562 | Desolati | Identified the ring of Xoewine {Wiz rElec Str-4 Int+8
                  | Dex+7} (You found it in the Desolation of Salt)
 42565 | Desolati | Got a steaming lajatang
 42567 | Desolati | Identified Sumae's Tome of Fire and Dislocation
 42570 | Desolati | Got a shimmering copper ring
 42571 | Desolati | Identified the ring of Ranaesys {+Fly Str+3} (You found it
                  | in the Desolation of Salt)
 42804 | Desolati | Got bloodstained steam dragon scales
 42805 | Desolati | Identified the cursed +1 steam dragon scales "Hannaughi"
                  | {rElec rF+ rC+} (You found it in the Desolation of Salt)
 42817 | Desolati | Got a scorched iron ring
 42818 | Desolati | Identified the ring "Trusted Companion" {rF- rN+ Dex+6}
                  | (You found it in the Desolation of Salt)
 42822 | Desolati | Got a shimmering jade ring
 42823 | Desolati | Identified the ring of Division {rF+ Dex+2} (You found it
                  | in the Desolation of Salt)
 42917 | Desolati | Received a gift from Trog
 43087 | Desolati | Identified the Handbook of Flamy Envenoming
 43089 | Desolati | Identified Sif Muna's Tome of Intoxication
 43121 | Desolati | Got a dazzling quarterstaff
 43593 | Elf:1    | Reached skill level 15 in Fighting
 43649 | Elf:1    | Noticed a deep elf sorcerer
 43655 | Elf:1    | Killed a deep elf sorcerer
 43655 | Elf:1    | Reached skill level 15 in Armour
 43655 | Elf:1    | Reached skill level 15 in Shields
 44285 | Elf:2    | Found the +7 pair of quick blades "Gyre" and "Gimble"
                  | {protect}
 44445 | Elf:2    | Found a runed translucent gate.
 44445 | Elf:2    | Found a runed translucent gate.
 44445 | Elf:2    | Found a runed translucent gate.
 45043 | Vaults:2 | Found a staircase to the Crypt.
 45104 | Vaults:2 | Received a gift from Trog
 46080 | Vaults:2 | Reached skill level 6 in Dodging
 46658 | Vaults:2 | Found a gateway to a bazaar.
 46679 | Bazaar   | Entered a bazaar
 46679 | Bazaar   | Found Baoskung's Magic Scroll Shoppe.
 46679 | Bazaar   | Found Peonn's Assorted Antiques.
 46679 | Bazaar   | Found Agivvenk's Assorted Antiques.
 46679 | Bazaar   | Found Uxtotapa's Food Shop.
 46681 | Bazaar   | Found Qytiu's Book Emporium.
 46681 | Bazaar   | Found Roulosar's General Store.
 46704 | Bazaar   | Bought a fan of gales for 400 gold pieces
 46712 | Bazaar   | Bought a potion of haste for 380 gold pieces
 46712 | Bazaar   | Bought a glowing helmet for 285 gold pieces
 46715 | Bazaar   | Bought a scroll of acquirement for 520 gold pieces
 46730 | Bazaar   | Identified the amulet of Jopouphiqi {rN+ Regen+ Str+5} (You
                  | acquired it in a bazaar)
 46845 | Vaults:3 | Received a gift from Trog
 47027 | Vaults:3 | Found Wueciesh's Antique Armour Emporium.
 47206 | Vaults:3 | Found Fefiessocro's Antique Armour Shoppe.
 47214 | Vaults:3 | Bought a jewelled plate armour for 924 gold pieces
 47214 | Vaults:3 | Identified the cursed +0 plate armour of the Cockatrice
                  | {rElec Dex-3 Stlth+} (You bought it in a shop on level 3 of
                  | the Vaults)
 47221 | Vaults:3 | Found Dazxynge's Magic Scroll Emporium.
 47265 | Vaults:3 | Reached skill level 7 in Dodging
 47265 | Vaults:3 | Reached skill level 11 in Evocations
 47268 | Vaults:3 | Reached XP level 21. HP: 143/169 MP: 29/29
 47296 | Vaults:3 | Paralysed by a great orb of eyes for 3 turns
 47297 | Vaults:3 | Received a gift from Trog
 47307 | Vaults:3 | Found Zulorcho's Distillery.
 47529 | Vaults:3 | Noticed Frederick
 47537 | Vaults:3 | Killed Frederick
 47578 | Vaults:3 | Found Waytoat's Antique Weapon Shop.
 47827 | Vaults:3 | Bought 2 potions of haste for 340 gold pieces
 47827 | Vaults:3 | Bought a potion of might for 68 gold pieces
 48418 | Vaults:3 | Noticed an entropy weaver
 48429 | Vaults:3 | Killed an entropy weaver
 48429 | Vaults:3 | Reached skill level 8 in Dodging
 48558 | Vaults:4 | Received a gift from Trog
 48786 | Vaults:4 | Reached skill level 16 in Armour
 48833 | Vaults:4 | Reached skill level 16 in Fighting
 49068 | Vaults:4 | Received a gift from Trog
 49125 | Vaults:4 | Reached skill level 12 in Evocations
 49379 | Vaults:4 | Reached skill level 9 in Dodging
 49512 | Vaults:4 | Identified the ring of Divine Intervention {*Corrode +Blink
                  | rC+ Str+5} (You found it on level 4 of the Vaults)
 49740 | Vaults:4 | Received a gift from Trog
 49903 | Vaults:4 | Noticed a deep elf sorcerer
 49904 | Vaults:4 | Noticed a deep elf sorcerer
 49904 | Vaults:4 | Noticed a deep elf demonologist
 49904 | Vaults:4 | Noticed a deep elf sorcerer
 49911 | Vaults:4 | Killed a deep elf sorcerer
 49912 | Vaults:4 | Killed a deep elf demonologist
 49914 | Vaults:4 | Killed a deep elf sorcerer
 49918 | Vaults:4 | Killed a ghostly deep elf sorcerer
 49918 | Vaults:4 | Reached XP level 22. HP: 179/179 MP: 31/31
 49919 | Vaults:4 | Killed a deep elf sorcerer
 50910 | Elf:2    | Received a gift from Trog
 51705 | Shoals:1 | Entered Level 1 of the Shoals
 51978 | Shoals:1 | Reached skill level 10 in Dodging
 52601 | Shoals:2 | Received a gift from Trog
 52793 | Shoals:2 | Reached skill level 13 in Evocations
 53371 | Shoals:2 | Reached skill level 17 in Armour
 53398 | Shoals:2 | Reached skill level 17 in Fighting
 53571 | Shoals:3 | Received a gift from Trog
 54417 | Shoals:3 | Received a gift from Trog
 54762 | Shoals:4 | Entered Level 4 of the Shoals
 55215 | Shoals:4 | Identified the ring "Ocoeba" {rN+ rCorr} (You found it on
                  | level 4 of the Shoals)
 55313 | Shoals:4 | Reached XP level 23. HP: 182/188 MP: 33/33
 55883 | Shoals:4 | Received a gift from Trog
 56007 | Shoals:4 | Reached skill level 14 in Evocations
 56124 | Shoals:4 | Got a barnacled rune of Zot
 56628 | Crypt:1  | Entered Level 1 of the Crypt
 56989 | Crypt:1  | Received a gift from Trog
 57228 | Crypt:1  | Noticed Aizul
 57243 | Crypt:1  | Killed Aizul
 57778 | Crypt:1  | Found an ancient bone altar of Kikubaaqudgha.
 57880 | Crypt:2  | Noticed a lich
 57893 | Crypt:1  | Killed a lich
 57893 | Crypt:1  | Reached skill level 18 in Armour
 57938 | Crypt:2  | Reached skill level 18 in Fighting
 58075 | Crypt:2  | Received a gift from Trog
 58417 | Crypt:2  | Noticed Saint Roka
 58429 | Crypt:2  | Received a gift from Trog
 58443 | Crypt:2  | Killed Saint Roka
 58443 | Crypt:2  | Reached skill level 15 in Evocations
 58443 | Crypt:2  | Reached XP level 24. HP: 189/199 MP: 34/34
 58646 | Crypt:2  | Noticed a lich
 58672 | Crypt:2  | Killed a lich
 59061 | Crypt:2  | Got a polished great mace
 59132 | Crypt:2  | Noticed Margery
 59151 | Crypt:2  | Killed Margery
 59563 | Crypt:3  | Entered Level 3 of the Crypt
 59614 | Crypt:3  | Noticed Mennas
 59826 | Crypt:3  | Reached skill level 19 in Armour
 59826 | Crypt:3  | Received a gift from Trog
 59842 | Crypt:3  | Reached skill level 19 in Fighting
 59975 | Crypt:3  | Found the +2 Maxwell's thermic engine {flame, freeze}
 59975 | Crypt:3  | Identified the amulet of the Villain {RegenMP Str+2 Dex+4}
 60033 | Crypt:3  | Found a staircase to the Tomb.
 60198 | Crypt:2  | Killed Mennas
 60363 | Crypt:3  | Noticed a curse toe
 60371 | Crypt:3  | Killed a curse toe
 60584 | Crypt:3  | Noticed an ancient lich
 60584 | Crypt:3  | Noticed a lich
 60647 | Crypt:3  | Found an ancient bone altar of Kikubaaqudgha.
 60885 | Crypt:3  | Killed a lich
 60890 | Crypt:3  | Killed an ancient lich
 60927 | Crypt:3  | Noticed a lich
 60927 | Crypt:3  | Noticed an ancient lich
 61167 | Crypt:3  | Noticed a Brimstone Fiend
 61178 | Crypt:3  | Killed a lich
 61179 | Crypt:3  | Killed an ancient lich
 61576 | Elf:3    | Entered Level 3 of the Elven Halls
 61598 | Elf:3    | Reached XP level 25. HP: 210/210 MP: 34/34
 61613 | Elf:3    | Identified the ring of the Invisible Hand {rF+ Str+2 Dex+3
                  | Stlth-} (You acquired it on level 3 of the Elven Halls)
 61706 | Elf:3    | Received a gift from Trog
 61937 | Elf:3    | Noticed a deep elf sorcerer
 61944 | Elf:3    | Killed a deep elf sorcerer
 61944 | Elf:3    | Reached skill level 20 in Fighting
 62171 | Elf:3    | Noticed a deep elf sorcerer
 62511 | Elf:3    | Killed a deep elf sorcerer
 62519 | Elf:3    | Noticed a deep elf sorcerer
 62519 | Elf:3    | Identified the cursed +1 mace of @_evil_stuff_@ {elec,
                  | *Slow rF- SInv Stlth+}
 62522 | Elf:3    | Noticed a deep elf demonologist
 62523 | Elf:3    | Noticed a deep elf sorcerer
 62689 | Elf:3    | Reached skill level 21 in Fighting
 62694 | Elf:3    | Noticed a deep elf sorcerer
 62699 | Elf:3    | Noticed a deep elf sorcerer
 62700 | Elf:3    | Killed a deep elf sorcerer
 62701 | Elf:3    | Noticed a deep elf sorcerer
 62706 | Elf:3    | Killed a deep elf sorcerer
 62974 | Elf:3    | Killed a deep elf sorcerer
 62992 | Elf:3    | Killed a deep elf sorcerer
 63064 | Elf:3    | Killed a deep elf sorcerer
 63072 | Elf:3    | Identified the ring of Darkness {MR+ rCorr Dex+4 Slay+3}
 63087 | Elf:3    | Identified the +3 short sword of Foolhardiness {vorpal,
                  | rElec Str+2}
 63119 | Elf:3    | Reached skill level 22 in Fighting
 63240 | Elf:3    | Killed a deep elf demonologist
 63244 | Elf:3    | Received a gift from Trog
 63409 | Elf:3    | Noticed a deep elf sorcerer
 63415 | Elf:3    | Killed a deep elf sorcerer
 63465 | Elf:3    | Noticed a deep elf demonologist
 63748 | Elf:3    | Identified the Incunabulum of the Enchanting Mountains
 63763 | Elf:3    | Got a distressingly furry scale mail
 63764 | Elf:3    | Identified the +1 scale mail of Minackov {rN+ Int+5} (You
                  | found it on level 3 of the Elven Halls)
 63773 | Elf:3    | Got a twitching silver amulet
 63774 | Elf:3    | Identified the amulet "Norofirch" {Harm *Drain Str+4 SInv}
                  | (You found it on level 3 of the Elven Halls)
 63804 | Elf:3    | Identified Enluaroy's Compendium of Battle Magic
 63824 | Elf:3    | Got a fine plate armour
 63847 | Elf:3    | Killed a deep elf demonologist
 64095 | Depths:1 | Entered Level 1 of the Depths
 64292 | Depths:1 | Received a gift from Trog
 64512 | Depths:1 | Found Piuheski's Antique Armour Shoppe.
 64551 | Depths:1 | Bought a scorched plate armour for 1204 gold pieces
 64551 | Depths:1 | Bought a pair of runed boots for 322 gold pieces
 64551 | Depths:1 | Identified the +1 plate armour "Trusted Companion" {rElec
                  | rC+ Str-4} (You found it on level 3 of the Elven Halls)
 64553 | Depths:1 | Identified the +4 plate armour of Past Mistakes {rF+ rCorr}
                  | (You bought it in a shop on level 1 of the Depths)
 64719 | Depths:1 | Found a one-way gate to the infinite horrors of the Abyss.
 64845 | Depths:1 | Reached skill level 23 in Fighting
 64990 | Depths:1 | Identified the Incunabulum of Cold
 65235 | Depths:1 | Found a gateway to Hell.
 65274 | Depths:1 | Received a gift from Trog
 65343 | Depths:1 | Reached skill level 20 in Armour
 65572 | Depths:2 | Got a clouded pewter ring
 65573 | Depths:2 | Identified the ring "Guanwiy" {rN+ MR+ Dex-4 Slay+3} (You
                  | found it on level 2 of the Depths)
 65614 | Depths:2 | Reached XP level 26. HP: 188/228 MP: 34/34
 65914 | Depths:2 | Got a bound ivory ring
 65915 | Depths:2 | Identified the ring of Vuul Oju {Ice rElec rN++ Dex-2 SInv}
                  | (You found it on level 2 of the Depths)
 65944 | Depths:2 | Noticed a deep elf demonologist
 65948 | Depths:2 | Killed a deep elf demonologist
 66027 | Depths:2 | Received a gift from Trog
 66028 | Depths:2 | Found the +8 whip "Snakebite" {curare, rPois}
 66039 | Depths:2 | Found the +7 captain's cutlass {speed, disarm}
 66196 | Depths:2 | Found Kebbius's Antique Weapon Shop.
 66287 | Depths:2 | Got a coiled steel ring
 66288 | Depths:2 | Identified the ring of Obejeoff {rC+ Str+4 Int+3 Dex+4}
                  | (You found it on level 2 of the Depths)
 66402 | Depths:2 | Got an iridescent dagger
 66403 | Depths:2 | Identified the cursed +1 dagger "Agyff" {protect, Str+2
                  | Dex+6 Stlth+} (You found it on level 2 of the Depths)
 66616 | Depths:2 | Found Nori Ledol's Assorted Antiques.
 66639 | Depths:2 | Bought a potion of might for 132 gold pieces
 66663 | Depths:2 | Received a gift from Trog
 66736 | Depths:2 | Found Xyneigaz's Armour Shop.
 66887 | Depths:2 | Noticed a lich
 66894 | Depths:2 | Killed a lich
 67310 | Vaults:3 | Bought a scroll of enchant armour for 90 gold pieces
 67597 | Depths:2 | Bought a scroll of enchant armour for 247 gold pieces
 67597 | Depths:2 | Bought a potion of curing for 99 gold pieces
 68469 | Vaults:3 | Bought a pair of runed gloves for 240 gold pieces
 68469 | Vaults:3 | Bought a glowing helmet for 240 gold pieces
 68885 | Depths:3 | Noticed Bai Suzhen
 68935 | Depths:3 | Killed Bai Suzhen
 68997 | Depths:3 | Noticed an ancient lich
 68997 | Depths:3 | Found a gateway to a ziggurat.
 69043 | Depths:3 | Noticed Boris
 69063 | Depths:3 | Killed Boris
 69415 | Depths:3 | Found a runed translucent door.
 69466 | Depths:3 | Received a gift from Trog
 69822 | Depths:3 | Noticed the Enchantress
 69843 | Depths:3 | Reached skill level 11 in Dodging
 69979 | Depths:3 | Killed the Enchantress
 70023 | Depths:3 | Found a one-way gate leading to the halls of Pandemonium.
 70812 | Depths:3 | Reached XP level 27. HP: 237/237 MP: 34/34
 70982 | Depths:3 | Got a pitted hunting sling
 71261 | Depths:3 | Received a gift from Trog
 71304 | Depths:3 | Got a pitted flail {god gift}
 71774 | Depths:4 | Reached skill level 21 in Armour
 72348 | Depths:4 | Noticed a caustic shrike
 72357 | Depths:4 | Killed a caustic shrike
 72437 | Depths:4 | Reached skill level 16 in Evocations
 72445 | Depths:4 | Reached skill level 24 in Fighting
 72533 | Depths:4 | Reached skill level 16 in Shields
 72660 | Depths:4 | Received a gift from Trog
 73379 | Depths:5 | Entered Level 5 of the Depths
 73758 | Depths:5 | Found a gate to the Realm of Zot.
 73874 | Depths:5 | Reached skill level 12 in Dodging
 73884 | Depths:5 | Received a gift from Trog
 74114 | Depths:5 | Noticed a lich
 74114 | Depths:5 | Noticed a caustic shrike
 74115 | Depths:5 | Noticed a caustic shrike
 74123 | Depths:5 | Noticed a caustic shrike
 74131 | Depths:5 | Killed a caustic shrike
 74140 | Depths:5 | Killed a caustic shrike
 74146 | Depths:5 | Killed a caustic shrike
 74147 | Depths:5 | Killed a lich
 74227 | Depths:5 | Found Samnid's Armour Boutique.
 74903 | Vaults:3 | Bought a glowing hat for 231 gold pieces
 75084 | Vaults:3 | Bought a potion of curing for 51 gold pieces
 75084 | Vaults:3 | Bought a potion of flight for 51 gold pieces
 75084 | Vaults:3 | Bought a potion of curing for 51 gold pieces
 75084 | Vaults:3 | Bought a potion of curing for 51 gold pieces
 75106 | Vaults:3 | Bought a pitted chain mail for 313 gold pieces
 75106 | Vaults:3 | Identified the cursed +0 chain mail of Darkness {rElec rF+
                  | Int+4 Dex+2} (You bought it in a shop on level 3 of the
                  | Vaults)
 75222 | Vaults:5 | Entered Level 5 of the Vaults
 75246 | Vaults:5 | Received a gift from Trog
 75460 | Vaults:5 | Got a transparent bardiche
 75489 | Vaults:5 | Identified the +8 bardiche of the Oracle {venom, rN+++
                  | Dex+2} (You found it on level 5 of the Vaults)
 75593 | Vaults:5 | Noticed a lich
 75604 | Vaults:5 | Reached skill level 22 in Armour
 75606 | Vaults:5 | Killed a lich
 75606 | Vaults:5 | Received a gift from Trog
 75652 | Vaults:5 | Noticed a deep elf demonologist
 75669 | Vaults:5 | Killed a deep elf demonologist
 75738 | Vaults:5 | Noticed a deep elf demonologist
 75749 | Vaults:5 | Killed a deep elf demonologist
 76014 | Vaults:5 | Noticed a lich
 76020 | Vaults:5 | Killed a lich
 76286 | Vaults:5 | Received a gift from Trog
 76302 | Vaults:5 | Noticed a lich
 76316 | Vaults:5 | Killed a lich
 76339 | Vaults:5 | Identified the Guide on Glacial Ignition
 76471 | Vaults:5 | Reached skill level 25 in Fighting
 76479 | Vaults:5 | Reached skill level 17 in Evocations
 76480 | Vaults:5 | Noticed an ancient lich
 76488 | Vaults:5 | Noticed a Brimstone Fiend
 76939 | Vaults:5 | Reached skill level 17 in Shields
 76944 | Vaults:5 | Killed an ancient lich
 76965 | Vaults:5 | Identified the cursed +0 acid dragon scales of the Ladybird
                  | {+Fly rCorr Str+4 Int+4}
 77172 | Vaults:5 | Received a gift from Trog
 77256 | Vaults:5 | Got a silver rune of Zot
 77275 | Vaults:5 | Identified the +1 ring mail of Lirar {rPois} (You found it
                  | on level 5 of the Vaults)
 77303 | Vaults:5 | Identified the cursed +3 great sword of the Abyss {freeze,
                  | Str+4}
 77444 | Vaults:5 | Noticed a lich
 77456 | Vaults:5 | Killed a lich
 77459 | Vaults:5 | Reached skill level 23 in Armour
 77466 | Vaults:5 | Identified the +8 falchion of Diupim {elec, *Slow rN+
                  | Stlth+}
 77474 | Vaults:5 | Noticed a deep elf demonologist
 77481 | Vaults:5 | Killed a deep elf demonologist
 77751 | Vaults:5 | Identified the +1 plate armour "Zuty" {+Inv} (You found it
                  | on level 5 of the Vaults)
 78418 | Zot:1    | Entered Level 1 of the Realm of Zot
 78438 | Zot:1    | Received a gift from Trog
 78451 | Zot:1    | Reached skill level 24 in Armour
 79910 | Zot:2    | Reached skill level 25 in Armour
 80057 | Zot:2    | Noticed a Killer Klown
 80075 | Zot:2    | Killed a Killer Klown
 80075 | Zot:2    | Received a gift from Trog
 80289 | Zot:2    | Noticed an orb of fire
 80308 | Zot:2    | Gained mutation: Your spells are a little harder to cast,
                  | but a little more powerful. [an orb of fire]
 80317 | Zot:2    | Killed an orb of fire
 80317 | Zot:2    | Reached skill level 18 in Evocations
 80702 | Zot:5    | Entered Level 5 of the Realm of Zot
 80960 | Zot:4    | Reached skill level 19 in Evocations
 81386 | Zot:5    | Received a gift from Trog
 81647 | Zot:5    | Noticed an ancient lich
 81672 | Zot:5    | Killed an ancient lich
 82001 | Zot:5    | Noticed a curse toe
 82056 | Zot:5    | Killed a curse toe
 82308 | Zot:5    | Noticed a Killer Klown
 82330 | Zot:5    | Killed a Killer Klown
 82330 | Zot:5    | Reached skill level 20 in Evocations
 82401 | Zot:5    | Noticed an orb of fire
 82411 | Zot:5    | Gained mutation: Your magical capacity is low. (-10% MP)
                  | [an orb of fire]
 82413 | Zot:5    | Gained mutation: You are clumsy. (Dex -2) [an orb of fire]
 82416 | Zot:5    | Gained mutation: You tend to lose your temper in combat.
                  | [an orb of fire]
 82426 | Zot:5    | Killed an orb of fire
 82490 | Zot:5    | Lost mutation: Your spells are a little harder to cast, but
                  | a little more powerful. [potion of mutation]
 82490 | Zot:5    | Lost mutation: You tend to lose your temper in combat.
                  | [potion of mutation]
 82490 | Zot:5    | Gained mutation: Your system is resistant to poisons.
                  | (rPois) [potion of mutation]
 82490 | Zot:5    | Gained mutation: You are covered in fur. (AC +1) [potion of
                  | mutation]
 82530 | Zot:5    | Noticed an orb of fire
 82534 | Zot:5    | Gained mutation: Your natural rate of healing is unusually
                  | fast. [an orb of fire]
 82542 | Zot:5    | Gained mutation: You tend to lose your temper in combat.
                  | [an orb of fire]
 82556 | Zot:5    | Killed an orb of fire
 82657 | Zot:5    | Noticed an orb of fire
 82670 | Zot:5    | Killed an orb of fire
 82689 | Zot:5    | Noticed an ancient lich
 82708 | Zot:5    | Noticed an orb of fire
 82712 | Zot:5    | Killed an ancient lich
 82712 | Zot:5    | Reached skill level 21 in Evocations
 82720 | Zot:5    | Noticed a curse toe
 82732 | Zot:5    | Killed a curse toe
 82735 | Zot:5    | Gained mutation: Your body sometimes deteriorates upon
                  | taking damage. [an orb of fire]
 82739 | Zot:5    | Killed an orb of fire
 83224 | Zot:5    | Reached skill level 22 in Evocations
 83247 | Zot:5    | Got the Orb of Zot
 83291 | Zot:5    | Noticed an ancient lich
 83356 | Zot:2    | Noticed a seraph
 83402 | Zot:2    | Noticed a Tzitzimitl
 83441 | Zot:2    | Noticed Hyg Fiesin the pandemonium lord
 83441 | Zot:2    | Noticed a lich
 83447 | Zot:1    | Noticed an Ice Fiend
 83458 | Zot:1    | Killed an Ice Fiend
 83507 | Depths:5 | Noticed Aweiraum the pandemonium lord
 83734 | D:12     | Noticed an Ice Fiend
 83753 | D:11     | Noticed Boris
 83815 | D:9      | Noticed a Brimstone Fiend
 83821 | D:9      | Killed a Brimstone Fiend
 83888 | D:7      | Noticed a Brimstone Fiend
 83898 | D:7      | Killed a Brimstone Fiend
 84037 | D:$      | Escaped with the Orb!

Table legend:
 A = Turns spent in this place as a percentage of turns spent in the entire game.
 B = Non-inter-level travel turns spent in this place as a percentage of non-inter-level travel turns spent in the entire game.
 C = Inter-level travel turns spent in this place as a percentage of turns spent in this place.
 D = Turns resting spent in this place as a percentage of non-inter-level travel turns spent in this place.
 E = Turns spent auto-exploring this place as a percentage of non-inter-level travel turns spent in this place.
 F = Non-inter-level travel turns spent in this place divided by the number of levels of this place that you've seen.
                   A       B       C       D       E      F
               +-------+-------+-------+-------+-------+----------------------
         Total | 100.0 | 100.0 |   9.9 |  12.8 |  63.1 | 1283.8
       Dungeon |  26.3 |  25.2 |  13.7 |  11.3 |  68.0 | 1271.0
          Lair |  11.8 |  12.0 |   8.5 |  11.1 |  73.1 | 1514.0
        Shoals |   5.7 |   6.0 |   5.2 |   0.7 |  72.9 | 1131.2
   Spider Nest |   6.0 |   6.4 |   3.8 |  11.0 |  62.3 | 1219.8
  Orcish Mines |   2.7 |   2.5 |  16.1 |  20.1 |  58.6 | 953.5
   Elven Halls |   5.9 |   6.2 |   4.8 |   9.5 |  70.4 | 1573.0
        Vaults |  13.5 |  12.1 |  19.5 |  13.4 |  61.1 | 1832.0
         Crypt |   5.7 |   6.0 |   5.1 |  21.2 |  52.2 | 1510.7
        Depths |  11.0 |  11.1 |   8.5 |   7.5 |  67.9 | 1685.2
           Zot |   6.0 |   6.5 |   2.5 |  28.2 |  36.5 | 985.8
        Bazaar |   0.1 |   0.1 |   0.0 |   0.0 |  20.9 |  86.0
         Sewer |   0.3 |   0.4 |   0.0 |  12.2 |  59.5 | 279.0
       Ossuary |   0.7 |   0.8 |   0.0 |  17.5 |  42.8 | 594.0
        Bailey |   0.7 |   0.8 |   0.0 |  17.8 |  59.9 | 569.0
        Wizlab |   1.1 |   1.3 |   0.0 |  41.2 |  14.6 | 955.0
    Desolation |   1.9 |   2.1 |   0.0 |  15.6 |  50.4 | 1588.0
      Gauntlet |   0.5 |   0.6 |   0.0 |   9.3 |  42.4 | 450.0
               +-------+-------+-------+-------+-------+----------------------

Table legend:
 A = Kills in this place as a percentage of kills in entire the game.
 B = Kills by you in this place as a percentage of kills by you in the entire game.
 C = Kills by friends in this place as a percentage of kills by friends in the entire game.
 D = Other kills in this place as a percentage of other kills in the entire game.
 E = Experience gained in this place as a percentage of experience gained in the entire game.
 F = Experience gained in this place divided by the number of levels of this place that you have seen.
                   A       B       C       D       E      F
               +-------+-------+-------+-------+-------+----------------------
         Total | 100.0 | 100.0 | 100.0 | 100.0 | 100.0 | 28615.6
       Dungeon |  18.7 |  18.9 |   0.0 |   0.0 |   5.3 | 5932.8
          Lair |   6.7 |   6.8 |   0.0 |   0.0 |   3.0 | 8408.3
        Shoals |   7.2 |   7.2 |   6.9 |   0.0 |   5.8 | 24584.0
   Spider Nest |   8.8 |   8.9 |   0.0 |   0.0 |   5.4 | 22700.2
  Orcish Mines |   3.1 |   3.1 |   0.0 |   0.0 |   1.2 | 9842.5
   Elven Halls |   4.8 |   4.4 |  24.1 |  75.0 |   7.0 | 39254.7
        Vaults |  18.2 |  17.9 |  44.8 |  25.0 |  21.6 | 72908.2
         Crypt |   7.4 |   7.4 |   6.9 |   0.0 |  10.9 | 61585.7
        Depths |  13.5 |  13.7 |   3.4 |   0.0 |  19.8 | 67020.2
           Zot |   4.8 |   4.8 |   6.9 |   0.0 |  16.6 | 56091.4
         Sewer |   0.3 |   0.3 |   0.0 |   0.0 |   0.0 | 133.0
       Ossuary |   1.5 |   1.5 |   0.0 |   0.0 |   0.0 | 420.0
        Bailey |   1.2 |   1.2 |   0.0 |   0.0 |   0.1 | 1234.0
        Wizlab |   0.7 |   0.7 |   0.0 |   0.0 |   0.8 | 13384.0
    Desolation |   3.1 |   3.0 |   6.9 |   0.0 |   2.4 | 40345.0
      Gauntlet |   0.2 |   0.2 |   0.0 |   0.0 |   0.1 | 1918.0
               +-------+-------+-------+-------+-------+----------------------

Action                   |  1- 3 |  4- 6 |  7- 9 | 10-12 | 13-15 | 16-18 | 19-21 | 22-24 | 25-27 || total
-------------------------+-------+-------+-------+-------+-------+-------+-------+-------+-------++-------
Melee: Hand axe          |    87 |   220 |       |       |       |       |       |       |       ||   307
       Flail             |       |    11 |   152 |       |    15 |    21 |       |       |       ||   199
       Whip              |       |       |   161 |   539 |       |       |       |       |       ||   700
       Broad axe         |       |       |       |   334 |   839 |  1163 |  1094 |  1496 |  2854 ||  7780
Throw: Stone             |    28 |    76 |    81 |    22 |     2 |       |       |       |       ||   209
       Dart              |       |       |    34 |   117 |   126 |    18 |       |       |       ||   295
       Boomerang         |       |       |       |   148 |       |       |       |       |       ||   148
       Javelin           |       |       |       |       |       |       |    17 |    26 |       ||    43
Invok: Berserk           |     2 |     3 |    13 |    18 |    14 |     7 |    13 |    16 |    14 ||   100
       Trog's Hand       |       |       |     7 |     2 |     9 |     3 |    15 |    13 |    30 ||    79
       Brothers in Arms  |       |       |       |       |       |     5 |     5 |     6 |     5 ||    21
 Abil: Evoke Flight      |       |       |       |       |       |       |       |    32 |       ||    32
       Stop Flying       |       |       |       |       |       |       |       |     1 |       ||     1
Evoke: Wand              |       |       |     4 |    19 |     9 |    47 |     6 |     4 |    22 ||   111
       Box of beasts     |       |       |       |       |       |       |       |     1 |       ||     1
       Phantom mirror    |       |       |       |       |       |       |       |       |     3 ||     3
       Sack of spiders   |       |       |       |       |       |       |       |       |     5 ||     5
       Lamp of fire      |       |       |       |       |       |       |       |       |     1 ||     1
  Use: Scroll            |       |     2 |    10 |    13 |    15 |    12 |    16 |     6 |    48 ||   122
       Potion            |       |       |     8 |     2 |     4 |       |     2 |     1 |    18 ||    35
 Stab: Sleeping          |     2 |       |       |       |       |       |       |       |       ||     2
       Paralysed         |       |       |       |       |       |       |     2 |       |    13 ||    15
       Distracted        |       |       |       |       |       |       |       |     5 |     3 ||     8
       Invisible         |       |       |       |       |       |       |       |       |     7 ||     7
       Confused          |       |       |       |       |       |       |       |       |     2 ||     2
  Eat: Chunk             |     5 |     9 |    25 |    48 |    29 |    19 |    38 |    29 |    46 ||   248
       Ration            |       |       |     4 |     1 |     5 |     6 |     4 |    12 |    16 ||    48
Armor: Animal skin       |    13 |     4 |       |       |       |       |       |       |       ||    17
       Chain mail        |       |    85 |    82 |    84 |       |       |       |       |       ||   251
       Skin              |       |       |     3 |    24 |       |       |       |       |       ||    27
       Plate armour      |       |       |       |   202 |   217 |       |       |       |       ||   419
       Crystal plate arm |       |       |       |       |    61 |   711 |   347 |   565 |  1122 ||  2806
Dodge: Dodged            |    28 |    52 |    37 |   154 |   170 |   397 |   258 |   427 |   691 ||  2214
Block: Kite shield       |    25 |   102 |    76 |   378 |   598 |  1205 |   791 |  1233 |  2057 ||  6465

Vanquished Creatures
  5 orbs of fire
  Mennas (Crypt:2)
  5 ancient liches
  Boris (Depths:3)
  2 Killer Klowns
  Bai Suzhen (Depths:3)
  Saint Roka (Crypt:2)
  3 curse toes
  Margery (Crypt:2)
  4 caustic shrikes
  7 golden dragons
  Nikola (Spider:2)
  A bone dragon (Crypt:3)
  the Enchantress (Depths:3)
  2 Brimstone Fiends
  An Ice Fiend (Zot:1)
  9 tentacled monstrosities
  3 electric golems
  23 Orb Guardians
  10 liches
  A Hell Sentinel (D:9)
  Asterion (Vaults:1)
  4 quicksilver dragons
  4 titans
  A deep elf blademaster (Elf:3)
  4 deep elf master archers (Elf:3)
  4 death cobs
  Agnes (D:15)
  12 ancient champions
  5 sphinxes
  An Executioner (D:7)
  2 krakens
  8 shadow dragons
  Kirke (Lair:6)
  10 tengu reavers
  An azure jelly (shapeshifter) (Depths:1)
  3 draconian monks
  5 storm dragons
  2 azure jellies (Depths:1)
  5 revenants
  2 draconian knights
  5 draconian shifters
  8 fire giants
  3 imperial myrmidons (Desolation)
  6 frost giants
  11 deep elf sorcerers
  9 vault wardens
  12 deep elf elementalists
  6 ghost moths
  A draconian scorcher (Zot:1)
  3 orc warlords
  Aizul (Crypt:1)
  6 spriggan defenders
  7 draconian annihilators
  7 ghouls
  A draconian stormcaller (Zot:2)
  2 reapers (Crypt:2)
  6 emperor scorpions
  5 war gargoyles
  15 ironheart preservers
  19 stone giants
  26 very ugly things
  4 entropy weavers
  4 vampire knights
  9 black draconians
  6 green draconians
  Azrael (D:12)
  10 white draconians
  13 deep elf annihilators
  7 deep elf demonologists
  5 purple draconians
  2 halazid warlocks (Desolation)
  10 spark wasps
  7 eidola
  4 red draconians
  4 yellow draconians
  10 jiangshi
  11 ettins
  6 merfolk javelineers
  4 crystal guardians
  A quicksilver dragon zombie (Crypt:3)
  10 merfolk impalers
  10 deep elf death magi
  2 ragged hierophants (Desolation)
  10 fire dragons
  4 peacekeepers (Desolation)
  4 servants of whispers (Desolation)
  7 great orbs of eyes
  A great orb of eyes (shapeshifter) (Vaults:5)
  2 rakshasas
  9 deep elf high priests
  38 vault guards
  17 yaktaur captains
  17 ice dragons
  6 hydras
  3 spriggan air magi (Depths:3)
  8 centaur warriors
  5 merfolk avatars
  4 death knights
  7 merfolk aquamancers
  A catoblepas (Lair:4)
  A juggernaut simulacrum (Depths:4)
  A two-headed ogre (shapeshifter) (Depths:2)
  An alligator snapping turtle (Shoals:4)
  16 dancing weapons
  39 two-headed ogres
  4 deep troll shamans
  A satyr (Shoals:2)
  18 ogre magi
  11 deep troll earth magi
  3 death yaks (Lair:6)
  10 tengu warriors
  17 deep elf knights
  2 soul eaters
  A shock serpent (shapeshifter) (Vaults:5)
  Sonja (D:11)
  3 iron golems (WizLab)
  5 orc high priests
  4 spriggan berserkers
  7 vampire magi
  A storm dragon zombie (Vaults:3)
  A fire crab (shapeshifter) (Vaults:2)
  A sixfirhy (D:14)
  8 shadow wraiths
  12 hell knights
  2 iron trolls (Depths:4)
  18 sea snakes
  29 skeletal warriors
  An anaconda zombie (Crypt:3)
  31 deep trolls
  4 unseen horrors
  An orange crystal statue (Crypt:1)
  8 flayed ghosts
  2 storm dragon skeletons
  A tengu zombie (Vaults:3)
  A golden dragon zombie (Crypt:2)
  6 wizards
  5 glowing orange brains
  2 golden dragon skeletons
  20 deep elf archers
  8 necromancers
  A swamp dragon (Lair:6)
  25 ironbrand convokers
  Pikel (D:4)
  2 lindwurms (Lair:6)
  21 orc knights
  12 phantasmal warriors
  27 harpies
  34 wolf spiders
  2 frost giant zombies
  A harpy (shapeshifter) (Depths:3)
  9 orb spiders
  29 ugly things
  8 orc sorcerers
  A stone giant zombie (Crypt:2)
  41 deep elf magi
  Maurice (D:12)
  17 fauns
  6 manticores
  2 frost giant skeletons
  2 salamanders (shapeshifter)
  15 moths of wrath
  10 cyclopes
  Joseph (Lair:1)
  An apocalypse crab (Gauntlet)
  6 guardian serpents
  5 elephants
  A moth of wrath (shapeshifter) (Vaults:5)
  2 stone giant skeletons (Crypt:1)
  An elephant (shapeshifter) (Depths:2)
  7 water nymphs
  10 merfolk sirens
  A guardian serpent (shapeshifter) (Depths:2)
  A rust devil (Zot:1)
  3 ice statues
  7 black mambas
  6 gargoyles (WizLab)
  A yaktaur zombie (Depths:1)
  12 vault sentinels
  A pale draconian zombie (Crypt:2)
  2 red draconian zombies
  12 spiny frogs
  7 demonic crawlers
  10 freezing wraiths
  2 torpor snails (Lair:6)
  40 yaktaurs
  3 kobold demonologists
  3 rime drakes (Lair:6)
  An efreet (D:13)
  5 komodo dragons
  A golden dragon simulacrum (Depths:4)
  An elf zombie (Depths:1)
  34 jumping spiders
  16 trolls
  3 tengu conjurers
  2 yaktaur skeletons (Vaults:3)
  A meliai (shapeshifter) (Vaults:4)
  4 wind drakes
  24 hornets
  6 polar bears
  36 merfolk
  A meliai (D:15)
  2 raiju
  A sphinx simulacrum (Vaults:2)
  Prince Ribbit (D:5)
  19 slime creatures
  A deep troll zombie (Depths:1)
  A harpy skeleton (Crypt:1)
  A tarantella zombie (Crypt:3)
  3 bog bodies (Crypt:2)
  A blink frog (shapeshifter) (D:14)
  8 small abominations (Depths:1)
  6 dream sheep
  7 hippogriffs
  12 snapping turtles
  47 saltlings (Desolation)
  17 blink frogs
  An ettin zombie (Crypt:2)
  A stone giant simulacrum (Crypt:1)
  10 flying skulls
  An ettin skeleton (Crypt:3)
  92 redbacks
  A spriggan (shapeshifter) (Depths:3)
  A shadow (D:14)
  30 tarantellas
  22 water elementals
  A fire dragon skeleton (Crypt:1)
  5 spriggans
  2 redbacks (shapeshifter)
  2 tarantellas (shapeshifter)
  A wyvern (shapeshifter) (D:15)
  22 yaks
  A vampire (D:15)
  A human (Spider:1)
  6 wraiths
  2 wyverns (D:15)
  2 basilisks (Lair:6)
  2 steam dragons (Lair:6)
  A basilisk (shapeshifter) (Vaults:3)
  2 hungry ghosts
  6 fire elementals
  A black mamba skeleton (Crypt:1)
  An elf simulacrum (Depths:4)
  2 hogs (Lair:6)
  3 vampire mosquitoes (D:15)
  A human simulacrum (Vaults:1)
  A chaos spawn (Depths:1)
  A spriggan simulacrum (Depths:1)
  Menkaure (D:4)
  An infernal demonspawn zombie (Crypt:2)
  A harpy simulacrum (Depths:1)
  2 soldier ants
  A naga (shapeshifter) (Vaults:1)
  4 acid dragons
  4 wargs
  2 hell hounds (D:12)
  A hydra simulacrum (Depths:1)
  16 water moccasins
  A water nymph skeleton (Crypt:3)
  A faun skeleton (Crypt:2)
  4 large abominations (Depths:1)
  10 porcupines
  Duvessa (D:6)
  A spiny frog skeleton (Crypt:3)
  6 ice beasts
  6 floating eyes
  57 orc warriors
  A fire dragon simulacrum (Depths:1)
  3 sky beasts
  6 black bears
  A slave (D:3)
  A swamp drake (Lair:6)
  A black bear (shapeshifter) (Vaults:3)
  Purgy (Sewer)
  An eye of draining (D:10)
  3 black mamba simulacra (Depths:1)
  17 centaurs
  2 phantoms (D:4)
  A necrophage (Crypt:2)
  12 boggarts
  46 ogres
  15 wolves
  An orc skeleton (Vaults:2)
  7 crocodiles
  5 big kobolds
  A draconian zombie (Crypt:1)
  9 gnoll sergeants
  13 bullfrogs
  2 wyvern zombies
  4 earth elementals (WizLab)
  Dowan (D:6)
  A cyclops skeleton (Crypt:1)
  14 killer bees
  A yak zombie (Crypt:2)
  A shapeshifter zombie (Crypt:3)
  5 scorpions
  5 electric eels
  8 wights
  8 crimson imps
  A quasit (D:6)
  7 centaur zombies
  10 hounds
  5 jellies
  A bullfrog zombie (D:12)
  4 human zombies
  A basilisk zombie (Crypt:2)
  18 orc wizards
  15 orc priests
  2 bullfrog skeletons
  6 gnoll shamans (Bailey)
  4 centaur skeletons
  12 iguanas
  An iguana (shapeshifter) (Vaults:5)
  Ijyb (D:4)
  12 worker ants
  A troll simulacrum (Depths:1)
  2 ogre zombies (Ossuary)
  2 hound skeletons
  8 mummies
  A worker ant zombie (D:11)
  18 gnolls
  A naga simulacrum (Depths:1)
  A tengu simulacrum (Crypt:1)
  11 adders
  A river rat (D:3)
  2 shadow imps
  3 white imps (Gauntlet)
  An ufetubus (Depths:3)
  8 oozes
  9 adder zombies
  An adder skeleton (D:8)
  A lava snake skeleton (Crypt:2)
  4 dart slugs
  2 leopard geckos
  73 orcs
  A bat skeleton (Crypt:3)
  13 giant cockroaches
  9 goblins
  8 hobgoblins
  11 jackals
  9 quokkas
  6 ball pythons
  8 bats
  10 frilled lizards
  A gnoll zombie (Ossuary)
  3 goblin zombies
  4 hobgoblin zombies (Ossuary)
  31 kobolds
  A kobold skeleton (Crypt:3)
  3 kobold zombies
  An orc zombie (Crypt:1)
  A quokka skeleton (Crypt:1)
  4 quokka zombies (Ossuary)
  10 rats
  3 rat zombies (Ossuary)
  A river rat skeleton (Crypt:2)
  4 crawling corpses
  7 fungi
  28 plants
  6 tentacles
2557 creatures vanquished.

Vanquished Creatures (collateral kills)
  Frederick (Vaults:3)
  2 deep elf blademasters
  2 death cobs (Zot:5)
  A deep elf sorcerer (Elf:3)
  An imperial myrmidon (Desolation)
  A frost giant (Vaults:5)
  An ironheart preserver (Vaults:3)
  An ettin (Vaults:5)
  A deep elf high priest (Elf:3)
  A yaktaur captain (Vaults:3)
  A centaur warrior (Vaults:3)
  A two-headed ogre (Vaults:5)
  A deep troll shaman (Vaults:3)
  A hell knight (Vaults:5)
  A deep elf knight (Elf:2)
  2 deep elf magi (Elf:2)
  A vault sentinel (Vaults:3)
  A yaktaur (Vaults:3)
  2 merfolk (Shoals:2)
  A saltling (Desolation)
  A spriggan (Depths:3)
  An ogre (Vaults:3)
  A wolf (shapeshifter) (Vaults:3)
  A wolf zombie (Crypt:2)
  An orc (Crypt:2)
29 creatures vanquished.

Vanquished Creatures (others)
  A draconian shifter (Zot:1)
  A stone giant (Vaults:2)
  2 deep elf high priests
  A deep elf knight (Elf:3)
  A wolf spider (Spider:2)
  A deep elf mage (Elf:1)
  An orc warrior (Vaults:5)
  A scorpion (Spider:2)
  An orc wizard (Orc:2)
  A ball lightning (Zot:5)
  An orc (Orc:2)
  15 fungi
  23 plants
  13 tentacles (Shoals:4)
63 creatures vanquished.

Grand Total: 2649 creatures vanquished There were no monsters in sight!

Levels and vault maps discovered:
D:1:      nicolae_arrival_somewhat_less_tricky_arrival, layout_basic,
          minmay_fountain_box
D:2:      layout_loops_corners
D:3:      layout_loops_ring, grunt_temple_overflow_order_and_chaos_2,
          first_ration, gup_sewer_entry_bowl
D:4:      layout_layer_cave, uniq_pikel, uniq_menkaure, uniq_ijyb
D:5:      minmay_clustersquares, layout_loops_ring, temple_statues,
          uniq_prince_ribbit1
D:6:      layout_basic, nicolae_overflow_hidden_temple, patterned_corridor,
          uniq_duvessa
D:7:      layout_gridville, nicolae_ossuary_entry_giza
D:8:      layout_basic, gammafunk_temple_overflow_claw,
          chequers_temple_overflow_statue_of_worship
D:9:      layout_basic, nicolae_overflow_crystal_walls,
          due_lair_maze_entry_diamond, serial_shops, nicolae_shop_crystal
D:10:     layout_irregular_city, hangedman_little_slice_of_home,
          minmay_protected_statue
D:11:     layout_irregular_city, orc_0_dummy, enter_bailey_6, uniq_sonja
D:12:     layout_irregular_city, uniq_maurice, uniq_azrael
D:13:     layout_cave_pools, erik_vaults_2, enter_trove_3, kennysheep_four_rooms
D:14:     cheibrodos_shockbox, layout_basic, nicolae_twisting_strands,
          serial_glass, glass_columns_c, glass_columns_b, glass_columns_a,
          glass_columns_b, glass_columns_b, glass_columns_a
D:15:     grunt_enter_depths_snipers, layout_rooms, serial_bayou,
          serial_bayou_pond_b, serial_bayou_pond_e, serial_bayou_lake_a,
          serial_bayou_pond_b, minivault_28, uniq_agnes
Lair:1:   layout_chaotic_city, gammafunk_lair_bear_cave, grunt_megastairs_1,
          uniq_joseph
Lair:2:   layout_cave_pods, shoals_dummy_entry,
          nicolae_spider_entry_tight_spaces, minmay_lair_oklob_chamber,
          infiniplex_staircase_pool_2
Lair:3:   beast_lair_carwin_large_2, layout_regular_city
Lair:4:   statuecave_lemuel, layout_concentric_octagons, gauntlet_entry_generic,
          gammafunk_ghost_arena, nicolae_quartered_pool_medium
Lair:5:   layout_cave_pods, slime_altar_1, gammafunk_ghost_hydra_chop,
          st_stairs_10, minmay_lair_oklob_bushes, lemuel_fruit_fields
Lair:6:   guppyfry_lair_end_dragon, layout_cave_pods, hangedman_lair_in_review,
          ebering_ghost_rock_garden, st_stairs_6, uniq_kirke
Shoals:1: layout_shoals, nicolae_shoals_stone_sculpture_thing
Shoals:2: layout_shoals
Shoals:3: layout_shoals, nicolae_shoals_kraken_intersection
Shoals:4: shoals_end_hangedman, layout_shoals
Spider:1: layout_spider_delve, nicolae_spider_webs_and_nodes
Spider:2: spiders_nest_scorpion_pit, drop_trap, nicolae_orb_island, uniq_nikola
Spider:3: layout_spider_delve
Spider:4: grunt_spider_rune_parallel
Orc:1:    layout_diamond_mine, serial_shops, shop, bloody_trog
Orc:2:    grunt_orc_gardens, layout_diamond_mine, grunt_orc_garden,
          grunt_orc_garden, grunt_orc_garden, grunt_orc_garden, elf_legates
Elf:1:    layout_geoelf_grid, portal_desolation_entry_nicolae_slug,
          hangedman_elf_represent, serial_sigils_hangedman_scar,
          statue_in_the_mist_lemuel, eino_tiny_chamber
Elf:2:    layout_geoelf_octagon, minivault_16, drop_trap, eino_tiny_chamber
Elf:3:    minmay_elf_hall_hex, layout_loops_corners
Vaults:1: v_pattern_1, nicolae_vaults_little_squares_3, v_misc_14,
          ontoclasm_vaults_gateway, nicolae_vaults_shelves_hall,
          vaults_room_pool, vaults_dpeg_encased_lava, hangedman_vaults_pinch,
          v_rooms_2, hangedman_vaults_locks, v_misc_15, v_misc_19, v_misc_17,
          vaults_room_corners, grunt_vaults_funnel, special_room_vaults
          [special_room_orc], layout_vaults_omnicross, mu_enter_wizlab_4,
          uniq_asterion
Vaults:2: vaults_standard_mumra_enter_the_diamond,
          minmay_crypt_entry_simple_corners, vaults_room_fours,
          nicolae_vaults_hallways_thing, nicolae_vaults_asterisk,
          nicolae_vaults_windows_and_doors_thing, vaults_room_pools,
          layout_vaults_omnigrid, serial_shops, bzr_firewalk
Vaults:3: nicolae_vaults_yaktaur_gun_rack, v_alt_pattern_1,
          vaults_mumra_minichess_inversion, hangedman_vaults_stagger,
          vaults_dpeg_hooks, vaults_room_corners, vaults_room_semicircle,
          layout_vaults_big_room, serial_shops, shop, shop, nicolae_shop_stone,
          shop, shop, uniq_frederick
Vaults:4: vaults_room_door_hall, nicolae_vaults_c_with_doors, v_misc_25,
          nicolae_vaults_network_square, v_pattern_2, hangedman_vaults_slither,
          vaults_mumra_hex, vaults_room_semicircle, v_rooms_6,
          nicolae_vaults_little_ls, nicolae_vaults_little_squares_4,
          layout_vaults_omnibox
Vaults:5: serial_shops
Crypt:1:  cheibrodos_crypt_eye_of_stone, layout_gridlike, feat_on_display,
          uniq_aizul
Crypt:2:  layout_chaotic_city, serial_glass, glass_columns_a, glass_columns_b,
          grunt_megastairs_3, uniq_saint_roka, uniq_margery
Crypt:3:  david_glass_crypt, layout_basic, basic_altar, hex_intersection,
          uniq_mennas
Depths:1: layout_roguey, serial_bayou_shore_b, minmay_room_of_horrors,
          hell_entry, serial_shops, nicolae_shop_temple_entry_statues_fountains,
          minmay_misc_feat_hallway, minmay_liquid_box,
          hangedman_research_thermodynamics, firewood_loft,
          serial_bayou_shore_b, grunt_megastairs_2
Depths:2: hangedman_spin_cycle, hell_entry
Depths:3: minmay_the_grid_triangle_9x9_rhombus_full
          [minmay_the_grid_triangle_9x9_negative_grid,
          minmay_the_grid_triangle_9x9_longest,
          minmay_the_grid_triangle_9x9_sprig,
          minmay_the_grid_triangle_9x9_zippers_vertical,
          minmay_the_grid_triangle_9x9_subtriangle,
          minmay_the_grid_triangle_9x9_wacky_v,
          minmay_the_grid_triangle_9x9_warning,
          minmay_the_grid_triangle_9x9_prize_schism], layout_gridlike,
          enter_ziggurat_d, roderic_serpentine_path,
          pf_vacation_house_of_asmodeus, rand_demon_pan_entry_8, uniq_boris,
          uniq_bai_suzhen, uniq_enchantress
Depths:4: minmay_chopped_fan, layout_basic, abyss_entry, hell_entry,
          serial_bayou_shore_b
Depths:5: grunt_zot_entry_alcove, layout_cave_pools, minmay_misc_feat_encased,
          pf_coc_iceberg, serial_shops, shop
Zot:1:    layout_onion, guppyfry_library_mini
Zot:2:    grunt_deathspiral_small, layout_onion_interference
Zot:3:    layout_gridlike, hangedman_swamp_dais
Zot:4:    layout_misc_corridors, nicolae_lava_and_water
Zot:5:    layout_cathedral_of_symmetry, nicolae_zot_crop_circle
